AoeStats
← _LY_抖音肥龙

Hideout

503633904Analyzed
4v4 RM · 1mo ago on Sep 1, 2026· 33m 0s· 8 players
Game mode
Random Map
Map size
Large (8 player)
Population
200
Speed
Normal
Resources
Standard
Victory
Conquest
Starting age
Dark Age
Ending age
Imperial Age
RankedLock teamsTeams togetherTeam positionsShared explorationLock speedFull tech treeHidden civsTurbo modeCheats
Victory
Defeat
🇭🇰 Mongols · Hong Kong SAR China
1751
+12
🇨🇳 Dravidians · China
1722
+14
🇨🇳 Tupi · China
1720
+14
🇨🇳 Koreans · China
1654
+17
🇫🇷 Saracens · France
1741
-17
🇫🇷 Khmer · France
1694
-15
🇫🇷 Ethiopians · France
1676
-14
🇫🇷 Franks · France
1581
-10
教授
10:33 Feudal Age
14:31 Castle Age
12:58 Double-Bit Axe
14:02 Horse Collar
15:30 Fletching
16:53 Loom
18:50 Bodkin Arrow
23:35 Bow Saw
25:51 Ballistics
30:09 Wheelbarrow
_LY_抖音肥龙
9:57 Feudal Age
11:31 Double-Bit Axe
15:13 Castle Age
13:32 Horse Collar
14:00 Loom
14:57 Fletching
18:36 Bow Saw
20:55 Gold Mining
22:10 Padded Archer Armor
23:09 Bodkin Arrow
24:27 Wheelbarrow
25:59 Ballistics
27:27 Hand Cart
27:36 Leather Archer Armor
29:01 Husbandry
29:12 Bloodlines
30:59 Thumb Ring
CNZS_HiFive
10:18 Feudal Age
13:48 Castle Age
11:47 Double-Bit Axe
11:54 Horse Collar
14:56 Bow Saw
19:05 Loom
19:10 Fletching
21:21 Bodkin Arrow
21:50 Ballistics
22:20 Padded Archer Armor
23:32 Wheelbarrow
24:31 Thumb Ring
24:20 Gold Mining
25:20 Leather Archer Armor
25:11 Husbandry
29:19 Hand Cart
30:03 Town Watch
33:35 Imperial Age
33:33 Medical Corps
冬瀑
7:38 Loom
10:30 Feudal Age
14:15 Castle Age
12:34 Double-Bit Axe
13:52 Horse Collar
16:41 Fletching
19:34 Bodkin Arrow
23:19 Padded Archer Armor
24:45 Leather Archer Armor
32:27 Wheelbarrow
kitchiro
10:27 Feudal Age
13:24 Castle Age
11:40 Double-Bit Axe
11:53 Horse Collar
14:19 Bow Saw
15:18 Heavy Plow
21:10 Wheelbarrow
21:53 Loom
22:59 Gold Mining
23:56 Bloodlines
27:43 Imperial Age
25:29 Bloodlines
25:22 Stone Mining
25:53 Scale Barding Armor
27:17 Chain Barding Armor
28:30 Husbandry
29:42 Plate Barding Armor
30:39 Cavalier
-2n+2q
8:27 Feudal Age
8:59 Double-Bit Axe
13:30 Fletching
14:10 Loom
20:32 Castle Age
19:08 Gold Mining
19:40 Horse Collar
21:13 Bodkin Arrow
20:43 Crossbowman
21:58 Bow Saw
22:00 Padded Archer Armor
23:25 Ballistics
25:13 Elite Skirmisher
26:48 Wheelbarrow
29:16 Thumb Ring
30:02 Leather Archer Armor
34:31 Imperial Age
Daniel Chassagnez
6:44 Loom
9:22 Feudal Age
10:07 Double-Bit Axe
13:56 Scale Barding Armor
16:42 Wheelbarrow
20:49 Castle Age
19:32 Scale Barding Armor
20:32 Forging
20:14 Gold Mining
21:39 Husbandry
22:01 Bow Saw
22:44 Chain Barding Armor
23:48 Town Watch
28:10 Hand Cart
30:40 Gold Shaft Mining
30:31 Padded Archer Armor
30:22 Fletching
31:09 Elite Skirmisher
[FrCo] ClemoL
6:31 Loom
8:44 Feudal Age
12:33 Fletching
20:44 Castle Age
19:29 Gold Mining
20:48 Crossbowman
21:24 Bodkin Arrow
Connection lost

Rejoining the realm…

Still unreachable

The connection could not be restored.

Session expired

The server has moved on; the page needs a fresh start.